3L
CLEVELAND BROWNS @ D.C. DIVIDED
08/29/2039
 
TOP OF THE 1ST
Cleveland Browns batting - Pitching for D.C. Divided : RHP Eric Colquhoun
Pitching: RHP Eric Colquhoun
Batting: RHB Tom Camden 0-0: Ball
1-0: Ball
2-0: Ball
3-0: Fly out, F9 (Flyball, 9LS, EV 87.5 MPH)
Batting: LHB Danny Rodríguez 0-0: Ball
1-0: Ball
2-0: Ball
3-0: Ground out 5-3 (Groundball, 56, EV 78.1 MPH)
Batting: LHB Sadatake Abe 0-0: Foul Ball, location: 2F
0-1: Called Strike
0-2: Strikes out swinging
Top of the 1st over - 0 runs, 0 hits, 0 errors, 0 left on base; Cleveland 0 - D.C. 0
BOTTOM OF THE 1ST
D.C. Divided batting - Pitching for Cleveland Browns : RHP Jessie Young
Pitching: RHP Jessie Young
Batting: LHB Dallas Ihde 0-0: Foul Ball, location: 2F
0-1: Hit by Pitch
Batting: LHB Bill Butler 0-0: Ball
1-0: Ball
2-0: Foul Ball, location: 2F
2-1: Ball
3-1: Fly out, F7 (Flyball, 7LMF, EV 98.1 MPH)
Batting: RHB Martín Chávez 0-0: Ball
1-0: Ball
2-0: Foul Ball, location: 2F
2-1: Fly out, F8 (Flyball, 89M, EV 83.1 MPH)
Batting: LHB Craig Morgan 0-0: Called Strike
Dallas Ihde steals 2nd base
0-1: Ball
1-1: Ball
2-1: Foul Ball, location: 2F
2-2: Ground out 4-3 (Groundball, 4, EV 90.0 MPH)
Bottom of the 1st over - 0 runs, 0 hits, 0 errors, 1 left on base; Cleveland 0 - D.C. 0
TOP OF THE 2ND
Cleveland Browns batting - Pitching for D.C. Divided : RHP Eric Colquhoun
Batting: LHB Surender Nada 0-0: Called Strike
0-1: Foul Ball, location: 2F
0-2: Strikes out swinging
Batting: LHB Lauren Hilfiker 0-0: Swinging Strike
0-1: Ball
1-1: Ground out 1-3 (Groundball, 34S, EV 88.8 MPH)
Batting: RHB Katsuhiko Ishihara 0-0: Ball
1-0: SINGLE (Line Drive, 89S, EV 105.6 MPH)
Batting: LHB León Castillo 0-0: Called Strike
0-1: Foul Ball, location: 2F
0-2: Ball
1-2: Strikes out swinging
Top of the 2nd over - 0 runs, 1 hit, 0 errors, 1 left on base; Cleveland 0 - D.C. 0
BOTTOM OF THE 2ND
D.C. Divided batting - Pitching for Cleveland Browns : RHP Jessie Young
Batting: LHB Alex Avery 0-0: Ball
1-0: Ground out U3 (Groundball, 3L, EV 90.0 MPH)
Batting: RHB Kimi Okubo 0-0: Called Strike
0-1: Ball
1-1: Ball
2-1: Foul Ball, location: 2F
2-2: Ball
3-2: Base on Balls
Batting: LHB Stanley Zijm 0-0: Ball
1-0: Called Strike
1-1: Ball
2-1: Called Strike
2-2: Foul Ball, location: 2F
2-2: Ball
3-2: Ground out 6-3 (Groundball, 6, EV 78.8 MPH)
Kimi Okubo to second
Batting: RHB Mario Castillo 0-0: Ball
1-0: Ground out 6-3 (Groundball, 6, EV 103.1 MPH)
Bottom of the 2nd over - 0 runs, 0 hits, 0 errors, 1 left on base; Cleveland 0 - D.C. 0
TOP OF THE 3RD
Cleveland Browns batting - Pitching for D.C. Divided : RHP Eric Colquhoun
Batting: RHB Jack Bonner 0-0: Ball
1-0: Swinging Strike
1-1: Foul Ball, location: 2F
1-2: Strikes out swinging
Batting: RHB Carlos Martínez 0-0: Foul Ball, location: 2F
0-1: Swinging Strike
0-2: Ball
1-2: Strikes out looking
Batting: RHB Tom Camden 0-0: Called Strike
0-1: Swinging Strike
0-2: Ball
1-2: Ball
2-2: Fly out, F5 (Popup, 5, EV 62.5 MPH)
Top of the 3rd over - 0 runs, 0 hits, 0 errors, 0 left on base; Cleveland 0 - D.C. 0
BOTTOM OF THE 3RD
D.C. Divided batting - Pitching for Cleveland Browns : RHP Jessie Young
Batting: RHB Nick Boyd 0-0: Called Strike
0-1: Fly out, F8 (Flyball, 8LD, EV 90.0 MPH)
Batting: LHB Dallas Ihde 0-0: Called Strike
0-1: Swinging Strike
0-2: Strikes out looking
Batting: LHB Bill Butler 0-0: Swinging Strike
0-1: Ball
1-1: Foul Ball, location: 2F
1-2: Ground out 4-3 (Groundball, 4, EV 98.8 MPH)
Bottom of the 3rd over - 0 runs, 0 hits, 0 errors, 0 left on base; Cleveland 0 - D.C. 0
TOP OF THE 4TH
Cleveland Browns batting - Pitching for D.C. Divided : RHP Eric Colquhoun
Batting: LHB Danny Rodríguez 0-0: Ball
1-0: Ball
2-0: Foul Ball, location: 2F
2-1: SINGLE (Flyball, 9LM, EV 98.8 MPH)
Batting: LHB Sadatake Abe 0-0: Called Strike
Danny Rodríguez steals 2nd base
0-1: Foul Ball, location: 2F
0-2: Ball
1-2: Fly out, F9 (Flyball, 9S, EV 90.6 MPH)
Batting: LHB Surender Nada 0-0: Ball
1-0: Swinging Strike
1-1: Swinging Strike
Balk!
Danny Rodríguez to third
1-2: Strikes out swinging
Batting: LHB Lauren Hilfiker 0-0: Fly out, F8 (Flyball, 8LM, EV 95.0 MPH)
Top of the 4th over - 0 runs, 1 hit, 0 errors, 1 left on base; Cleveland 0 - D.C. 0
BOTTOM OF THE 4TH
D.C. Divided batting - Pitching for Cleveland Browns : RHP Jessie Young
Batting: RHB Martín Chávez 0-0: Foul Ball, location: 2F
0-1: Ball
1-1: Ball
2-1: Called Strike
2-2: Foul Ball, location: 2F
2-2: Foul Ball, location: 2F
2-2: Strikes out swinging
Batting: LHB Craig Morgan 0-0: Ball
1-0: Fly out, F9 (Flyball, 9S, EV 83.1 MPH)
Batting: LHB Alex Avery 0-0: Foul Ball, location: 2F
0-1: SINGLE (Line Drive, 8RS, EV 100.6 MPH)
Batting: RHB Kimi Okubo 0-0: Called Strike
0-1: Foul Ball, location: 2F
0-2: Ball
1-2: Foul Ball, location: 2F
1-2: Ground out 5-3 (Groundball, 56S, EV 74.4 MPH)
Bottom of the 4th over - 0 runs, 1 hit, 0 errors, 1 left on base; Cleveland 0 - D.C. 0
TOP OF THE 5TH
Cleveland Browns batting - Pitching for D.C. Divided : RHP Eric Colquhoun
Batting: RHB Katsuhiko Ishihara 0-0: Ball
1-0: Ball
2-0: Ball
3-0: Called Strike
3-1: SINGLE (Line Drive, 4MD, EV 96.2 MPH)
Batting: LHB León Castillo 0-0: Ball
1-0: Ball
2-0: Foul Ball, location: 2F
2-1: Foul Ball, location: 2F
2-2: Strikes out looking
Batting: RHB Jack Bonner 0-0: Called Strike
0-1: Ball
1-1: SINGLE (Flyball, 78S, EV 93.8 MPH)
Katsuhiko Ishihara to second
Batting: RHB Carlos Martínez 0-0: Ball
1-0: Called Strike
1-1: Ball
2-1: Foul Ball, location: 2F
2-2: Foul Ball, location: 2F
2-2: Strikes out looking
Batting: RHB Tom Camden 0-0: Ball
1-0: Ball
2-0: Ball
3-0: Called Strike
3-1: Base on Balls
Katsuhiko Ishihara to third
Jack Bonner to second
Batting: LHB Danny Rodríguez 0-0: Ball
1-0: Fly out, F8 (Line Drive, 8RD, EV 95.0 MPH)
Top of the 5th over - 0 runs, 2 hits, 0 errors, 3 left on base; Cleveland 0 - D.C. 0
BOTTOM OF THE 5TH
D.C. Divided batting - Pitching for Cleveland Browns : RHP Jessie Young
Batting: LHB Stanley Zijm 0-0: Called Strike
0-1: Foul Ball, location: 2F
0-2: Ball
1-2: Fly out, F6 (Flyball, 56D, EV 88.1 MPH)
Batting: RHB Mario Castillo 0-0: Ground out 4-3 (Groundball, 34, EV 101.2 MPH)
Batting: RHB Nick Boyd 0-0: Ball
1-0: Foul Ball, location: 2F
1-1: Called Strike
1-2: Foul Ball, location: 2F
1-2: Foul Ball, location: 2F
1-2: Foul Ball, location: 2F
1-2: Ball
2-2: Foul Ball, location: 2F
2-2: Strikes out swinging
Bottom of the 5th over - 0 runs, 0 hits, 0 errors, 0 left on base; Cleveland 0 - D.C. 0
TOP OF THE 6TH
Cleveland Browns batting - Pitching for D.C. Divided : RHP Eric Colquhoun
Batting: LHB Sadatake Abe 0-0: Ball
1-0: Fly out, F6 (Line Drive, 6, EV 70.0 MPH)
Batting: LHB Surender Nada 0-0: Fly out, F8 (Line Drive, 8LD, EV 96.2 MPH)
Batting: LHB Lauren Hilfiker 0-0: Called Strike
0-1: Ball
1-1: Foul Ball, location: 2F
1-2: Ball
2-2: Ball
3-2: DOUBLE (Line Drive, 9LD, EV 101.2 MPH)
Batting: RHB Katsuhiko Ishihara 0-0: Ball
1-0: Ball
2-0: Fly out, F9 (Flyball, 89S, EV 83.8 MPH)
Top of the 6th over - 0 runs, 1 hit, 0 errors, 1 left on base; Cleveland 0 - D.C. 0
BOTTOM OF THE 6TH
D.C. Divided batting - Pitching for Cleveland Browns : RHP Jessie Young
Batting: LHB Dallas Ihde 0-0: Ground out 1-3 (Groundball, 34S, EV 89.4 MPH)
Batting: LHB Bill Butler 0-0: Foul Ball, location: 2F
0-1: Ball
1-1: SINGLE (Line Drive, 9S, EV 88.8 MPH)
Batting: RHB Martín Chávez 0-0: Ball
1-0: Grounds into double play, 6-4-3 (Groundball, 6S, EV 80.0 MPH)
Bottom of the 6th over - 0 runs, 1 hit, 0 errors, 0 left on base; Cleveland 0 - D.C. 0
TOP OF THE 7TH
Cleveland Browns batting - Pitching for D.C. Divided : RHP Eric Colquhoun
Batting: LHB León Castillo 0-0: Ball
1-0: Foul Ball, location: 2F
1-1: Ball
2-1: Foul Ball, location: 2F
2-2: SINGLE (Line Drive, 89S, EV 108.1 MPH)
Batting: RHB Jack Bonner 0-0: Ball
1-0: Ball
2-0: Swinging Strike
2-1: Swinging Strike
2-2: Ball
3-2: Fly out, F7 (Flyball, 7LM, EV 86.2 MPH)
Batting: RHB Carlos Martínez 0-0: Ball
1-0: Foul Ball, location: 2F
1-1: Ball
2-1: Foul Ball, location: 2F
2-2: SINGLE (Flyball, 89S, EV 91.2 MPH)
León Castillo to second
Runner from 2nd tries for 3rd, SAFE, no throw by RF
Pitching: RHP Baker Mayfield
Batting: RHB Tom Camden 0-0: Ball
Carlos Martínez steals 2nd base
1-0: Called Strike
1-1: Swinging Strike
1-2: Strikes out looking and he ARGUES THE CALL AND IS TOSSED!
Batting: LHB Danny Rodríguez 0-0: Ball
1-0: Swinging Strike
1-1: Swinging Strike
1-2: Ball
2-2: Foul Ball, location: 2F
2-2: Foul Ball, location: 2F
2-2: Fly out, F4 (Popup, 4M, EV 66.9 MPH)
Top of the 7th over - 0 runs, 2 hits, 0 errors, 2 left on base; Cleveland 0 - D.C. 0
BOTTOM OF THE 7TH
D.C. Divided batting - Pitching for Cleveland Browns : RHP Jessie Young
Now at 2B: Yu-shu Tseng
Batting: LHB Craig Morgan 0-0: Ball
1-0: Swinging Strike
1-1: Ground out 5-3 (Groundball, 56, EV 104.4 MPH)
Batting: LHB Alex Avery 0-0: Called Strike
0-1: Ball
1-1: Ball
2-1: Ground out 4-3 (Groundball, 4, EV 106.2 MPH)
Batting: RHB Kimi Okubo 0-0: Ball
1-0: Ball
2-0: Ground out 6-3 (Groundball, 6, EV 85.0 MPH)
Bottom of the 7th over - 0 runs, 0 hits, 0 errors, 0 left on base; Cleveland 0 - D.C. 0
TOP OF THE 8TH
Cleveland Browns batting - Pitching for D.C. Divided : RHP Baker Mayfield
Batting: LHB Sadatake Abe 0-0: Swinging Strike
0-1: Called Strike
0-2: Strikes out swinging
Batting: LHB Surender Nada 0-0: Foul Ball, location: 2F
0-1: Foul Ball, location: 2F
0-2: Foul Ball, location: 2F
0-2: DOUBLE (Flyball, 8RXD, EV 99.4 MPH)
Batting: LHB Lauren Hilfiker 0-0: Intentional Walk
Batting: RHB Katsuhiko Ishihara 0-0: Called Strike
0-1: Ball
1-1: SINGLE (Groundball, 6MD, EV 96.9 MPH)
Surender Nada to third
Lauren Hilfiker to second
Runner from 3rd tries for Home, SAFE, no throw by CF
Pitching: RHP Luis Bejarano
Batting: LHB León Castillo 0-0: Ball
1-0: Ball
2-0: Called Strike
2-1: Foul Ball, location: 2F
2-2: Ball
3-2: Fly out, F5 (Popup, 5F, EV 78.8 MPH)
Batting: RHB Jack Bonner 0-0: Ball
1-0: Ball
2-0: Ball
3-0: Base on Balls
Lauren Hilfiker to third
Katsuhiko Ishihara to second
Batting: RHB Carlos Martínez 0-0: Ball
1-0: Called Strike
1-1: Ball
2-1: Foul Ball, location: 2F
2-2: Strikes out swinging
Top of the 8th over - 1 run, 2 hits, 0 errors, 3 left on base; Cleveland 1 - D.C. 0
BOTTOM OF THE 8TH
D.C. Divided batting - Pitching for Cleveland Browns : RHP Jessie Young
Batting: LHB Stanley Zijm 0-0: Foul Ball, location: 2F
0-1: SINGLE (Groundball, 56D, EV 102.5 MPH)
Pitching: RHP Tomás Huesca
Batting: RHB Mario Castillo 0-0: Ball
1-0: Ball
2-0: Ball
3-0: Called Strike
3-1: Fly out, F9 (Flyball, 9S, EV 86.9 MPH)
Batting: RHB Nick Boyd 0-0: Foul Ball, location: 2F
0-1: Ball
1-1: Ball
2-1: Sac Bunt to 2L - play at first, batter OUT! 2-4
Stanley Zijm to second
Batting: LHB Dallas Ihde 0-0: Called Strike
0-1: Ground out 5-3 (Groundball, 5, EV 85.6 MPH)
Bottom of the 8th over - 0 runs, 1 hit, 0 errors, 1 left on base; Cleveland 1 - D.C. 0
TOP OF THE 9TH
Cleveland Browns batting - Pitching for D.C. Divided : RHP Luis Bejarano
Pitching: RHP Sidney Crosbie
Batting: RHB Yu-shu Tseng 0-0: Fly out, F4 (Popup, 34, EV 68.8 MPH)
Batting: LHB Danny Rodríguez 0-0: Ball
1-0: Ball
2-0: Ball
3-0: Called Strike
3-1: Foul Ball, location: 2F
3-2: Foul Ball, location: 2F
3-2: Base on Balls
Batting: LHB Sadatake Abe 0-0: Called Strike
0-1: Ball
1-1: Ball
2-1: Foul Ball, location: 2F
2-2: Ball
3-2: Foul Ball, location: 2F
3-2: Base on Balls
Danny Rodríguez to second
Batting: LHB Surender Nada 0-0: Called Strike
0-1: Ball
1-1: Swinging Strike
1-2: Foul Ball, location: 2F
1-2: SINGLE (Flyball, 8LS, EV 86.2 MPH)
Danny Rodríguez to third
Sadatake Abe to second
Pitching: LHP Yushua Wazir
Batting: LHB Lauren Hilfiker 0-0: SINGLE (Groundball, 34D, EV 98.8 MPH)
Danny Rodríguez scores
Sadatake Abe to third
Surender Nada to second
Runner from 3rd tries for Home, SAFE, throw by RF to home
Batting: RHB Katsuhiko Ishihara 0-0: Ball
1-0: Called Strike
1-1: Ball
2-1: Ball
3-1: Base on Balls
Surender Nada to third
Lauren Hilfiker to second
Batting: LHB León Castillo 0-0: Ball
1-0: Ball
2-0: Foul Ball, location: 2F
2-1: SINGLE (Line Drive, 8RS, EV 114.4 MPH)
Surender Nada scores
Lauren Hilfiker to third
Katsuhiko Ishihara to second
Batting: RHB Jack Bonner 0-0: Called Strike
0-1: Ball
1-1: Ball
2-1: Called Strike
2-2: Foul Ball, location: 2F
2-2: Grounds into double play, 4-6-3 (Groundball, 4, EV 86.2 MPH)
Top of the 9th over - 3 runs, 3 hits, 0 errors, 2 left on base; Cleveland 4 - D.C. 0
BOTTOM OF THE 9TH
D.C. Divided batting - Pitching for Cleveland Browns : RHP Tomás Huesca
Pitching: LHP Nick Altrock
Batting: LHB Bill Butler 0-0: Ball
1-0: Ball
2-0: Ground out 3-1 (Groundball, 34, EV 103.1 MPH)
Batting: RHB Martín Chávez 0-0: Ball
1-0: Called Strike
1-1: Ground out 5-3 (Groundball, 56, EV 85.0 MPH)
Batting: LHB Craig Morgan 0-0: Ball
1-0: Ball
2-0: Ball
3-0: Called Strike
3-1: Called Strike
3-2: Foul Ball, location: 2F
3-2: Foul Ball, location: 2F
3-2: Strikes out looking
Bottom of the 9th over - 0 runs, 0 hits, 0 errors, 0 left on base; Cleveland 4 - D.C. 0
Wednesday, July 8th, 2020 - OOTP Baseball 20.8 Build 74